 Dungeon Crawl Stone Soup version 0.23-a0-650-ga4d50d4 (console) character file.

112 Duffy the Firebug (level 4, -1/30 HPs)
             Began as a Demonspawn Fire Elementalist on Jan 6, 2019.
             Killed by divine providence
             ... invoked by an orc priest
              (16 damage)
             ... on level 3 of the Dungeon.
             The game lasted 00:02:47 (2314 turns).

Duffy the Firebug (Demonspawn Fire Elementalist)    Turns: 2314, Time: 00:02:47

Health: -1/30      AC:  2    Str:  8    XL:     4   Next: 64%
Magic:  4/8        EV: 12    Int: 18    God:
Gold:   91         SH:  0    Dex: 13    Spells: 5/9 levels left

rFire    + . .     SeeInvis +   d - +2 hand axe (freeze)
rCold    x . .     Gourm    .   (no shield)
rNeg     . . .     Faith    +   a - +0 robe
rPois    .         Spirit   .   (no helmet)
rElec    .         Reflect  .   (no cloak)
rCorr    .         Harm     .   (no gloves)
MR       .....                  (no boots)
Stlth    ++........             o - amulet of faith
HPRegen  0.10/turn              b - ring of fire
MPRegen  0.11/turn              p - ring of see invisible

@: no status effects
A: powered by death 1
a: no special abilities


You were on level 3 of the Dungeon.
You were not hungry.

You visited 1 branch of the dungeon, and saw 3 of its levels.

You collected 91 gold pieces.

Inventory:

Hand Weapons
 d - a +2 hand axe of freezing (weapon)
Armour
 a - a +0 robe (worn)
Jewellery
 b - a ring of fire (left hand)
 j - an uncursed ring of positive energy
 o - an amulet of faith (around neck)
 p - a ring of see invisible (right hand)
Scrolls
 e - a scroll of magic mapping {unknown}
 g - 2 scrolls of remove curse {unknown}
 h - a scroll of noise {unknown}
 i - a scroll of fog {unknown}
 l - a scroll of immolation {unknown}
 m - 5 scrolls of identify {unknown}
Potions
 f - 2 potions of mutation {unknown}
 n - a potion of might {unknown}
 q - a potion of degeneration {unknown}
 r - a potion of resistance {unknown}
Comestibles
 c - 4 rations
 k - 3 chunks of flesh


   Skills:
 - Level 1.7 Dodging
 - Level 1.7 Stealth
 + Level 3.0 Spellcasting
 + Level 2.7 Conjurations
 + Level 3.6 Fire Magic


You had 5 spell levels left.
You knew the following spells:

 Your Spells              Type           Power        Failure   Level  Hunger
h - Flame Tongue          Conj/Fire      ###..        4%          1    None
l - Conjure Flame         Conj/Fire      ###.....     13%         3    ###....

Your spell library contained the following spells:

 Spells                   Type           Power        Failure   Level  Hunger
 Throw Flame              Conj/Fire      ###...       7%          2    ##.....
 Inner Flame              Hex/Fire       ##......     24%         3    ###....
 Sticky Flame             Conj/Fire      ###.....     41%         4    ####...
 Fireball                 Conj/Fire      ###.......   77%         5    ######.


Dungeon Overview and Level Annotations

Branches:
Dungeon (3/15)

Altars:
Fedhas


Innate Abilities, Weirdness & Mutations

You regenerate a little health from kills.


Message History

The orc priest barely misses you. The orc hits you with a +0 whip.
Casting: Flame Tongue (safe; 4% risk of failure)
Confirm with . or Enter, or press ? or * to list all spells.
Aiming: Flame Tongue (safe; 4% risk of failure)
Press: ? - help, Shift-Dir - straight line, f/p - orc
Aim: an orc, wielding a +0 whip and wearing a +0 leather armour (severely You feel a surge of power!
The flame tongue hits the orc.
You kill the orc!
The orc priest hits you from afar with a +0 trident.
Casting: Flame Tongue (safe; 4% risk of failure)
Confirm with . or Enter, or press ? or * to list all spells.
Aiming: Flame Tongue (safe; 4% risk of failure)
Press: ? - help, Shift-Dir - straight line, f - orc priest
Aim: an orc priest, wielding a +0 trident You feel a surge of power!
The flame tongue hits the orc priest.
The orc priest is almost dead.
The orc priest mumbles some strange prayers to Beogh against you.
Beogh smites you!
Ouch! That really hurt!
You die...

77...77 7..s..7
##o# ##.o# #
#...## #.##.###o#
... #.#
#.##.###o# #
#.@)## ##.##
##.#### #.....#
##.##.# ####.# #
## ##+## #.####
.. ..# ##...##
#....# # #. #.#
##.....##
##.##.####.#.##.#


You could see an orc priest.

Vanquished Creatures
  Jessica (D:3)
  An adder (D:3)
  An ooze (D:2)
  2 dart slugs (D:1)
  3 leopard geckos (D:1)
  2 orcs (D:3)
  A ball python (D:3)
  3 giant cockroaches
  9 goblins
  9 hobgoblins
  A quokka (D:2)
  4 bats
  6 frilled lizards (D:1)
  10 kobolds
  10 rats
63 creatures vanquished.

Notes
Turn   | Place    | Note
-------+----------+-------------------------------------------
     0 | D:1      | Duffy the Demonspawn Fire Elementalist began the quest for
                  | the Orb.
     0 | D:1      | Reached XP level 1. HP: 13/13 MP: 3/3
   173 | D:1      | Gained mutation: You regenerate a little health from kills.
                  | [demonic ancestry]
   173 | D:1      | Reached XP level 2. HP: 19/19 MP: 1/5
   863 | D:1      | Reached XP level 3. HP: 18/24 MP: 0/6
  1402 | D:2      | Learned a level 3 spell: Conjure Flame
  1914 | D:2      | Reached XP level 4. HP: 28/30 MP: 5/8
  2062 | D:3      | Noticed Jessica
  2067 | D:3      | Killed Jessica
  2293 | D:3      | Found a blossoming altar of Fedhas.
  2314 | D:3      | Killed from afar by an orc priest

Vault maps used:
D:1:      minmay_arrival_four_houses
D:2:      nicolae_ru_the_path_less_chosen, first_ration,
          hangedman_decor_opposing
D:3:      fedhas_altar_fruit_tree, chequers_serial_rivers_marsh,
          makhleb_blood_cavern_becter, uniq_jessica

Skill      XL: |  1  2  3  4 |
---------------+-------------+-----
Fire Magic     | 3 |  3.6
Conjurations   | 2 |  2.7
Spellcasting   | 3 |  3.0
Dodging        | |  1.7
Stealth        | |  1.7

Action                   |  1- 3 |  4- 6 || total
-------------------------+-------+-------++-------
Melee: Hand axe          |    11 |     6 ||    17
 Cast: Flame Tongue      |    79 |    22 ||   101
  Eat: Chunk             |     4 |     1 ||     5
Armor: Robe              |     8 |       ||     8
Dodge: Dodged            |    28 |    17 ||    45

Table legend:
 A = Non-vault XP
 B = Vault XP
 C = Vault XP percentage of total XP
 D = Non-vault monster count
 E = Vault monster count
 F = Vault count percentage of total count
                 A         B        C        D         E       F
            +---------+---------+-------+---------+---------+-------
      Total |     124 |      37 |  23.0 |      62 |       1 |   1.6
            +---------+---------+-------+---------+---------+-------
        D:1 |      60 |       0 |   0.0 |      34 |       0 |   0.0
        D:2 |      41 |       0 |   0.0 |      23 |       0 |   0.0
        D:3 |      23 |      37 |  61.7 |       5 |       1 |  16.7
            +---------+---------+-------+---------+---------+-------
